 Dungeon Crawl Stone Soup version 0.31-a0-1172-g9944ec47dd (webtiles) character file.

Game seed: 12893540291785753827

942 Curundu the Poker (level 7, 0/64 HPs)
             Began as a Minotaur Berserker on Dec 10, 2023.
             Was a Priest of Trog.
             Slain by a gnoll
             ... wielding a +0 halberd
             ... led by a gnoll bouda
              (2 damage)
             ... on level 5 of the Dungeon.
             The game lasted 00:15:40 (2625 turns).

Curundu the Poker (Minotaur Berserker)              Turns: 2625, Time: 00:15:41

Health: 0/64       AC: 17    Str: 24    XL:     7   Next: 88%
Magic:  6/6        EV:  9    Int:  4    God:    Trog [***...]
Gold:   181        SH:  0    Dex:  9    Spells: 6/6 levels left

rFire   . . .        k - +0 flail (protect)
rCold   . . .        (no shield)
rNeg    . . .        j - +0 chain mail
rPois   .            (helmet restricted)
rElec   .            (no cloak)
rCorr   .            (no gloves)
SInv    .            d - +0 pair of boots
Will    .....        (no amulet) Stlth
                     (no ring)
HPRegen 0.30/turn    (no ring)
MPRegen 0.10/turn

%: no passive effects
@: under a protective aura
A: horns 2, retaliatory headbutt
a: Renounce Religion, Berserk, Trog's Hand


You were on level 5 of the Dungeon.
You worshipped Trog.
Trog was most pleased with you.
You visited 1 branch of the dungeon, and saw 4 of its levels.

You collected 181 gold pieces.

Inventory:

Hand Weapons
 a - a +0 spear
 k - a +0 flail of protection (weapon)
Missiles
 m - 3 poisoned darts
Armour
 d - a +0 pair of boots (worn)
 j - a +0 chain mail (worn)
Scrolls
 c - a scroll of vulnerability {unknown}
 e - 2 scrolls of teleportation {unknown}
 f - a scroll of enchant armour {unknown}
 g - a scroll of amnesia {unknown}
 i - 5 scrolls of identify {unknown}
Potions
 b - a potion of invisibility {unknown}
 h - a potion of attraction {unknown}


   Skills:
 + Level 6.7 Fighting
 + Level 2.4 Maces & Flails
 + Level 7.4 Polearms
 + Level 4.3 Armour
 + Level 4.5 Dodging
 + Level 0.8 Stealth


You had 6 spell levels left.
You didn't know any spells.
Your spell library contained the following spells:

 Spells                   Type           Power      Damage    Failure   Level
 Inner Flame              Hex/Fire       0%         N/A       100%        3
 Yara's Violent Unravell  Hex/Tmut       0%         3d3       100%        5
 Enfeeble                 Hex            0%         N/A       100%        7
 Malign Gateway           Summ/Tloc      0%         N/A       100%        7
 Summon Horrible Things   Summ           0%         N/A       100%        8


Dungeon Overview and Level Annotations

Branches:
Dungeon (5/15)
 Temple: D:4-7

Altars:
Trog
Yredelemnul

Shops:
D:1 (   D:4 :


Innate Abilities, Weirdness & Mutations

You have a pair of horns on your head.
You reflexively headbutt those who attack you in melee.


Message History

An adder comes into view.
The sentinel's mark upon you fades away.
The gnoll completely misses you. You furiously retaliate!
You headbutt the gnoll.
An orc comes into view. It is wielding a +0 hand axe.
The gnoll hits you but does no damage. The gnoll completely misses you.
The gnoll hits you but does no damage.
Items here: )) [ †.
You hit the gnoll.
The gnoll is heavily wounded.
The gnoll barely misses you. You furiously retaliate!
You headbutt the gnoll.
An orc comes into view. It is wielding a +0 whip.
An orc wizard comes into view. It is wielding a +0 dagger.
The orc priest looks satisfied for a moment.
The gnoll hits you with a +0 spear! The gnoll barely misses you. x2
You furiously retaliate!
You headbutt the gnoll.
The orc wizard shouts!
You sock the gnoll!
You kill the gnoll!
Trog accepts your kill.
The orc wizard mumbles some strange words.
The orc wizard flickers and vanishes!
Deactivating autopickup; reactivate with Ctrl-A.
The gnoll closely misses you. The gnoll hits you but does no damage.
The gnoll hits you with a +0 halberd!
* * * LOW HITPOINT WARNING * * *
The iguana bites you but does no damage.
You sock the orc!
You kill the orc!
Trog accepts your kill. The gnoll hits you with a +0 spear.
* * * LOW HITPOINT WARNING * * *
The gnoll hits you from afar with a +0 halberd.
* * * LOW HITPOINT WARNING * * *
The gnoll barely misses you. The iguana bites you!
* * * LOW HITPOINT WARNING * * *
The gnoll hits you with a +0 spear.
* * * LOW HITPOINT WARNING * * *
The gnoll hits you from afar with a +0 halberd.
You die...

.. ##... ..#
... .... ...
.?##.)## ..#
......# ..#
#....# ..#
#..o.# ..#
##..#..gg##..#
......oll@)..#
.......#g##.##
##..#!.#S# .#
#. #g.#o# .#
...#.# o#
.#.##.# .#
.... <.. .. ..
#. #.# ..


You could see 2 iguanas, an orc priest, 3 gnolls, an adder and 2 orcs.

Vanquished Creatures
  Sigmund (D:2)
  A human (D:4)
  Duvessa (D:4)
  A scorpion (D:5)
  Dowan (D:4)
  An orc priest (D:4)
  A gnoll bouda (D:5)
  2 hounds (D:5)
  Jessica (D:2)
  2 iguanas (D:4)
  Natasha (twice) (D:2)
  An orc wizard (D:4)
  4 adders
  3 gnolls
  5 dart slugs
  9 orcs
  4 bats
  6 endoplasms
  A giant cockroach (D:1)
  6 goblins
  5 hobgoblins
  3 jackals (D:1)
  8 quokkas
  9 ball pythons
  3 frilled lizards
  A goblin skeleton (D:4)
  9 kobolds
  4 rats
95 creatures vanquished.

Notes
Turn   | Place    | Note
-------+----------+-------------------------------------------
     0 | D:1      | Curundu the Minotaur Berserker began the quest for the Orb.
     0 | D:1      | Reached XP level 1. HP: 19/19 MP: 0/0
    72 | D:1      | Reached XP level 2. HP: 16/27 MP: 1/1
    77 | D:1      | Reached skill level 4 in Polearms
   282 | D:1      | Found Socuuviw's Antique Weapon Emporium.
   403 | D:1      | Reached XP level 3. HP: 29/33 MP: 2/2
   650 | D:1      | Reached ** piety under Trog
   919 | D:2      | Noticed Natasha
   930 | D:2      | Killed Natasha
   931 | D:2      | Reached skill level 5 in Polearms
   931 | D:2      | Reached XP level 4. HP: 22/41 MP: 3/3
  1032 | D:2      | Noticed Sigmund
  1046 | D:2      | Killed Sigmund
  1047 | D:2      | Reached skill level 5 in Fighting
  1047 | D:2      | Reached skill level 6 in Polearms
  1047 | D:2      | Reached XP level 5. HP: 27/48 MP: 4/4
  1135 | D:2      | Noticed Jessica
  1142 | D:2      | Killed Jessica
  1143 | D:2      | Reached XP level 6. HP: 56/56 MP: 5/5
  1165 | D:2      | Found a bloodstained altar of Trog.
  1285 | D:2      | Noticed Natasha
  1291 | D:2      | Killed Natasha
  1376 | D:2      | You fall into a shaft and drop 2 floors!
  1444 | D:4      | Found a runed translucent door.
  1444 | D:4      | Noticed a human
  1637 | D:4      | Found a basalt altar of Yredelemnul.
  1666 | D:4      | Killed a human
  1667 | D:4      | Reached XP level 7. HP: 57/63 MP: 6/6
  1772 | D:4      | Found Yciag's Book Shoppe.
  1796 | D:4      | Noticed Duvessa
  1799 | D:4      | Reached *** piety under Trog
  1814 | D:4      | Killed Duvessa
  1815 | D:4      | Reached skill level 1 in Maces & Flails
  1815 | D:4      | Reached skill level 7 in Polearms
  1825 | D:4      | Noticed Dowan
  1841 | D:4      | Killed Dowan
  2600 | D:5      | Entered Level 5 of the Dungeon
  2625 | D:5      | HP: 2/64 [gnoll/+0 spear[a gnoll bouda] (2)]
  2625 | D:5      | Slain by a gnoll

Illustrated notes

Levels and vault maps discovered:
D:1:      minmay_arrival_wavy_path, layout_rooms, serial_shops, shop,
          minmay_misc_feat_enclosed, chequers_serial_rivers_room_b,
          amcnicky_mini_pool_small
D:2:      layout_rooms, basic_altar, serial_park_tiny_pond, uniq_natasha,
          uniq_jessica, uniq_sigmund
D:4:      layout_cave_pods, dk_yredelemnul_ordeal, serial_shops, shop,
          dk_noncrumbling_4, uniq_duvessa
D:5:      layout_basic, nemelex_spade_bored_becter, serial_curves,
          eino_curves_04, eino_curves_02, columned_hall_lemuel,
          amcnicky_mini_corridor_feature, chequers_serial_rivers_small_3,
          uniq_blork_the_orc

Skill      XL: |  1  2  3  4  5  6  7 |
---------------+----------------------+-----
Polearms       | 4 5 6 7 |  7.4
Fighting       | 4 5 6 |  6.7
Dodging        | 3 4 |  4.5
Armour         | 3 4 |  4.3
Maces & Flails | 2 |  2.4
Stealth        | |  0.8

Action                     |  1- 3 |  4- 6 |  7- 9 || total
---------------------------+-------+-------+-------++-------
  Melee: Spear             |    98 |    74 |       ||   172
         Headbutt          |    16 |    10 |    11 ||    37
         Punch             |     1 |       |     2 ||     3
         Flail             |       |    12 |    69 ||    81
    Use: Potion            |       |       |     1 ||     1
 Armour: Animal skin       |    57 |       |       ||    57
         Ring mail         |       |    11 |       ||    11
         Chain mail        |       |    48 |   123 ||   171
  Dodge: Dodged            |    64 |    49 |    89 ||   202

Table legend: (Time is in decaauts)
 A = Elapsed time spent in this place.
 B = Non-inter-level travel time spent in this place.
 C = Inter-level travel time spent in this place.
 D = Time resting spent in this place.
 E = Time spent auto-exploring this place.
 F = Levels seen in this place.
 G = Mean time per level.
                   A        B        C        D        E       F      G
               +--------+--------+--------+--------+--------+-----+--------+
         Total |   2626 |   2624 |      2 |    159 |   1689 |   4 |  656.5 |
       Dungeon |   2626 |   2624 |      2 |    159 |   1689 |   4 |  656.5 |
               +--------+--------+--------+--------+--------+-----+--------+

Top non-repeatable levels by time:
     D:4: 1236 daAuts
     D:1: 860 daAuts
     D:2: 498 daAuts
     D:5: 30 daAuts
